 Dungeon Crawl Stone Soup version 0.17.1-1-g73c8601 (webtiles) character file.

2258 Miyamura the Skirmisher (level 9, -1/47 HPs)
             Began as a Vine Stalker Monk on Dec 22, 2015.
             Was an Elder of Zin.
             Shot with an arrow by something (4 damage)
             ... on level 7 of the Dungeon.
             The game lasted 00:12:30 (4564 turns).

Miyamura the Skirmisher (Vine Stalker Monk)         Turns: 4564, Time: 00:12:30

Health: -1/47      AC:  7    Str: 15    XL:     9   Next: 38%
Magic:  0/15       EV: 10    Int: 12    God:    Zin [****..]
Gold:   450        SH: 14    Dex: 17    Spells: 0 memorised, 15 levels left

rFire  . . .     SeeInvis .     l - +1 short sword (speed)
rCold  . . .     Clarity  .     i - +1 ring mail
rNeg   . . .     SustAt   .     p - +0 large shield
rPois  .         Gourm    .     (no helmet)
rElec  .         Spirit   +     (no cloak)
rCorr  .         Warding  .     (no gloves)
rMut   +         Stasis   .     q - +0 pair of boots
MR     +....                    e - amulet of resist mutation
Stlth  +++.......               (no ring)
                                k - ring of stealth

@: somewhat resistant to hostile enchantments, fairly stealthy
A: fangs 3, regeneration 2, magic shield, antimagic bite, no device heal 3, rot
immunity
a: Recite, Vitalisation, Imprison, Donate Gold, Renounce Religion


You were on level 7 of the Dungeon.
You worshipped Zin.
Zin was greatly pleased with you.
You were not hungry.

You visited 1 branch of the dungeon, and saw 7 of its levels.

You collected 499 gold pieces.
You donated 49 gold pieces to Zin.

Inventory:

Hand Weapons
 l - a +1 short sword of speed (weapon)
Armour
 i - a +1 ring mail (worn)
 p - a +0 large shield (worn)
 q - a +0 pair of boots (worn)
Jewellery
 c - an uncursed ring of ice
 e - an amulet of resist mutation (around neck)
 k - a ring of stealth (left hand)
Wands
 w - a wand of digging (19)
Scrolls
 g - 3 scrolls of recharging
 o - 2 scrolls of remove curse
 y - a scroll of random uselessness {unknown}
Potions
 d - a potion of curing
 m - 2 potions of invisibility
 n - a potion of lignification {unknown}
 s - a potion of berserk rage {unknown}
 t - 2 potions of agility {unknown}
 u - a potion of brilliance {unknown}
 v - a potion of magic
 x - a potion of mutation {unknown}
 z - a potion of degeneration {unknown}
 A - a potion of flight {unknown}
Books
 r - a book of Frost

   Spells                             Type                      Level
   a - Freeze                         Ice                          1
   b - Throw Frost                    Conjuration/Ice              2
   c - Ozocubu's Armour               Charms/Ice                   3
   d - Throw Icicle                   Conjuration/Ice              4
   e - Summon Ice Beast               Ice/Summoning                4
   f - Condensation Shield            Ice                          4
Comestibles
 a - a meat ration
 b - 8 bread rations
 f - 10 fruits
 h - 2 slices of pizza
 j - 3 beef jerkies
 B - a chunk of flesh


   Skills:
 + Level 5.5 Fighting
 + Level 4.9 Short Blades
 + Level 5.4 Dodging
 - Level 3.0 Stealth
 + Level 4.4 Shields
 - Level 4.2 Unarmed Combat
 - Level 3.8 Spellcasting
 + Level 2.5 Invocations


You had 15 spell levels left.
You didn't know any spells.

Dungeon Overview and Level Annotations

Branches:
Dungeon (7/15)
 Temple: D:4-7

Altars:
Ashenzari
Gozag
Kikubaaqudgha
Nemelex Xobeh
Trog
Xom
Zin


Innate Abilities, Weirdness & Mutations

You have razor-sharp teeth.
You heal very quickly.
When hurt, damage is shared between your health and your magic reserves.
Your bite disrupts and absorbs the magic of your enemies.
Potions and wands cannot restore your health.
You are immune to rotting.


Message History

A sky beast appears from thin air!
Reactivating autopickup.
You see here an arrow.
The sky beast flickers out of sight!
Deactivating autopickup; reactivate with Ctrl-A.
A sky beast appears from thin air!
Reactivating autopickup.
An arrow appears from out of thin air!
Deactivating autopickup; reactivate with Ctrl-A.
The arrow hits you.
* * * LOW HITPOINT WARNING * * *
You see here an arrow.
The sky beast flickers out of sight!
You hear a twanging sound.
An arrow appears from out of thin air!
The arrow hits you.
* * * LOW HITPOINT WARNING * * *
You see here an arrow.
You hear a twanging sound.
An arrow appears from out of thin air!
The arrow hits you.
You die...

#.....#
##############.....#
.)..........)).....#
##############.....#
#.....# ###.### #.#
#.# #@# #(# #.# #{#
#.# ## #.. #.# . #.#
#.# #.
#>#########.## .
#.##......(..#


There were no monsters in sight!

Vanquished Creatures
  3 sky beasts
  A centaur (D:7)
  An ogre (D:4)
  A black bear (D:7)
  2 phantoms (D:4)
  The ghost of DEFE the Cutter, an amateur DEFi of Okawaru (D:3)
  A big kobold (D:7)
  2 giant frogs (D:6)
  3 scorpions
  A water moccasin skeleton (D:6)
  A crimson imp (D:7)
  3 orc priests
  6 orc wizards
  A giant frog zombie (D:7)
  A gnoll shaman (D:5)
  2 jellies (D:5)
  2 centaur skeletons
  3 hounds
  A giant frog skeleton (D:5)
  8 worker ants
  2 hound skeletons
  10 adders
  6 gnolls (D:5)
  An ooze (D:4)
  An adder skeleton (D:4)
  2 adder zombies
  3 worms
  3 giant geckos
  23 orcs
  3 ball pythons
  3 giant cockroaches
  3 goblins
  6 hobgoblins
  10 jackals
  8 kobolds
  4 quokkas
  5 bats
  2 giant gecko skeletons
  A giant gecko zombie (D:7)
  5 giant newts
  A quokka skeleton (D:6)
  6 rats
152 creatures vanquished.

Vanquished Creatures (others)
  A plant (D:4)
1 creature vanquished.

Grand Total: 153 creatures vanquished

Notes
Turn   | Place    | Note
--------------------------------------------------------------
     0 | D:1      | Miyamura the Vine Stalker Monk began the quest for the Orb.
     0 | D:1      | Reached XP level 1. HP: 11/11 MP: 2/2
    85 | D:1      | Reached XP level 2. HP: 5/16 MP: 3/3
   641 | D:2      | Reached XP level 3. HP: 18/20 MP: 4/4
   714 | D:2      | Found a bloodstained altar of Trog.
   714 | D:2      | Found an opulent altar of Gozag.
   890 | D:2      | Found a sparkling altar of Nemelex Xobeh.
  1468 | D:3      | Reached skill level 1 in Spellcasting
  1483 | D:3      | Reached XP level 4. HP: 21/24 MP: 6/6
  1549 | D:3      | Noticed DEFE's ghost (amateur DEFi)
  1786 | D:3      | Killed DEFE's ghost
  1786 | D:3      | Reached skill level 1 in Short Blades
  1786 | D:3      | Reached XP level 5. HP: 28/28 MP: 6/8
  2209 | D:4      | Reached skill level 1 in Shields
  2282 | D:4      | Gained mutation: You heal very quickly. [Vine Stalker growth]
  2282 | D:4      | Reached XP level 6. HP: 19/32 MP: 8/10
  2384 | D:4      | Noticed a phantom
  2404 | D:4      | Killed a phantom
  2413 | D:4      | Noticed a phantom
  2441 | D:4      | Killed a phantom
  2489 | D:4      | Reached XP level 7. HP: 32/37 MP: 9/11
  2794 | D:5      | Entered Level 5 of the Dungeon
  3056 | D:5      | Gained mutation: You have razor-sharp teeth. [Vine Stalker growth]
  3056 | D:5      | Reached XP level 8. HP: 35/42 MP: 13/13
  3673 | D:6      | Found a glowing silver altar of Zin.
  3677 | D:6      | Became a worshipper of Zin the Law-Giver
  3677 | D:6      | Reached * piety under Zin
  3677 | D:6      | Reached ** piety under Zin
  3677 | D:6      | Reached *** piety under Zin
  3862 | D:6      | Found a shattered altar of Ashenzari.
  3928 | D:6      | Reached **** piety under Zin
  4105 | D:7      | Reached skill level 5 in Fighting
  4105 | D:7      | Reached skill level 1 in Invocations
  4238 | D:7      | Reached skill level 5 in Dodging
  4238 | D:7      | Reached XP level 9. HP: 43/47 MP: 15/15
  4383 | D:7      | Found a shimmering altar of Xom.
  4507 | D:7      | Found an ancient bone altar of Kikubaaqudgha.
  4556 | D:7      | HP: 2/47 [something (4)]
  4564 | D:7      | Shot with an arrow by something

Action                   |  1- 3 |  4- 6 |  7- 9 || total
-------------------------+-------+-------+-------++-------
Melee: Unarmed           |    85 |       |       ||    85
       Short sword       |    30 |   138 |   465 ||   633
Invok: Recite            |       |       |     2 ||     2
  Use: Scroll            |     8 |     3 |     4 ||    15
       Potion            |     1 |       |       ||     1
 Stab: Sleeping          |     8 |     5 |    10 ||    23
       Distracted        |       |       |     1 ||     1
       Invisible         |       |       |     1 ||     1
  Eat: Chunk             |     1 |     4 |     7 ||    12
